Map: Blueshift LE

Players

Yeezus

  • Race: Protoss Protoss
  • League: Master
  • Spawn Location: 7:00

llllllllllll - Winner!

  • Race: Protoss Protoss
  • League: Master
  • Spawn Location: 1:00

VOD

Have the link to the VOD?

Description

Time

  • Played on: Sept. 16, 2018, 9:33 p.m.
  • Length: 5:50
Show
View Real Time Build Order
Export as new Build Order

Yeezus Protoss 

Build Orders:  

Get SALT Encoding   

  12  0:00  Probe  
  13  0:13  Probe  
  14  0:17  Pylon  
  14  0:25  Probe  
  15  0:35  Gateway  
  15  0:39  Probe  
  16  0:47  Assimilator  
  16  0:51  Probe  
  17  0:57  Assimilator  
  17  0:59  Probe  
  18  1:11  Gateway  
  18  1:25  Cybernetics Core  
  18  1:37  Pylon, Probe  
  19  1:49  Probe  
  19  1:53  Stalker  
  20  1:56  Stalker  
  24  2:21  Stalker  
  24  2:26  Stalker  
  24  2:28  Warp Gate  
  28  2:34  Probe  
  29  2:46  Probe  
  30  3:02  Pylon  
  30  3:13  Robotics Facility  
  30  3:20  Stalker x2  
  30  3:21  Probe  
  33  3:47  Probe  
  34  3:54  Nexus, Observer  
  34  3:59  Shield Battery  
  35  4:07  Twilight Council  
  35  4:10  Probe  
  35  4:12  Observer  
  37  4:27  Probe  
  38  4:41  Pylon  
  38  4:44  Observer  
  38  4:49  Immortal  
  38  4:51  Probe  
  43  5:00  Sentry x2  
  47  5:19  Shield Battery  
  47  5:24  Stalker  
  41  5:44  Stalker  
Show
View Real Time Build Order
Export as new Build Order

llllllllllll Protoss - Winner!

Build Orders:  

Get SALT Encoding   

  12  0:01  Probe  
  13  0:13  Probe  
  14  0:18  Pylon  
  14  0:24  Probe  
  15  0:32  Probe  
  15  0:38  Gateway  
  15  0:40  Probe  
  16  0:48  Assimilator  
  17  0:51  Probe  
  17  0:56  Assimilator  
  18  1:03  Probe  
  19  1:12  Gateway  
  19  1:16  Probe  
  20  1:26  Cybernetics Core  
  20  1:29  Probe  
  21  1:37  Pylon  
  21  1:41  Probe  
  22  1:49  Warp Gate  
  22  1:53  Probe  
  23  2:05  Stalker  
  23  2:06  Stalker  
  27  2:17  Pylon  
  27  2:27  Robotics Facility  
  27  2:47  Stalker x2  
  31  3:00  Shield Battery  
  31  3:16  Nexus  
  31  3:23  Shield Battery  
  31  3:28  Immortal  
  35  3:49  Gateway  
  35  3:53  Sentry  
  35  3:54  Sentry  
  39  4:05  Pylon  
  39  4:12  Warp Prism  
  39  4:23  Probe  
  42  4:26  Sentry x2  
  42  4:28  Probe  
  47  4:39  Probe  
  47  4:40  Probe  
  47  4:41  Observer  
  49  4:51  Probe  
  49  4:52  Pylon, Probe  
  52  5:00  Observer  
  52  5:03  Probe  
  52  5:04  Probe  
  55  5:14  Stalker x2  
  55  5:16  Stalker  
  55  5:18  Probe x2  
  63  5:22  Pylon  
  59  5:45  Stalker x3  
Tags
 
Matchup
PvP
Spawn Locations
Cross Positions
Add a new tag
Caveats
  • Supply blocks, unpowered buildings, or Contaminate may cause inaccurate times.
  • Supply counts are checked every 10 seconds.